 Dungeon Crawl Stone Soup version 0.29-a0-477-g62b78b4225 (webtiles) character file.

Game seed: 5852714487184755000

634 Infinimo the Ducker (level 7, -2/54 HPs)
             Began as a Demonspawn Gladiator on May 24, 2022.
             Was an Initiate of Okawaru.
             Slain by a kobold demonologist
             ... wielding a +0 dagger of holy wrath
              (6 damage)
             ... on level 5 of the Dungeon.
             The game lasted 00:05:46 (4269 turns).

Infinimo the Ducker (Demonspawn Gladiator)          Turns: 4269, Time: 00:05:46

Health: -2/54      AC:  5    Str: 14    XL:     7   Next: 24%
Magic:  7/7        EV: 13    Int: 12    God:    Okawaru [......]
Gold:   307        SH:  0    Dex: 14    Spells: 6/6 levels left

rFire   . . .      SeeInvis .   t - +2 spear (venom)
rCold   . . .      Faith    .   (no shield)
rNeg    . . .      Spirit   .   b - +0 leather armour
rPois   .          Reflect  .   (helmet restricted)
rElec   .          Harm     .   (no cloak)
rCorr   +          Rampage  .   i - +0 pair of gloves
Will    .....                   g - +0 pair of boots
Stlth   +.........              (no amulet)
HPRegen 0.18/turn               j - ring of resist corrosion
MPRegen 0.10/turn               (no ring)

@: no status effects
A: antennae 1, claws 1, spiny 1, demonic magic 1, weakness stinger 1
a: Renounce Religion


You were on level 5 of the Dungeon.
You worshipped Okawaru.
Okawaru was noncommittal.
You visited 2 branches of the dungeon, and saw 6 of its levels.

You collected 307 gold pieces.

Inventory:

Hand Weapons
 a - a +0 flail
 t - a +2 spear of venom (weapon)
Missiles
 d - 3 throwing nets (quivered)
 e - 13 javelins
Armour
 b - a +0 leather armour (worn)
 c - a +0 helmet
 g - a +0 pair of boots (worn)
 i - a +0 pair of gloves (worn)
Jewellery
 j - a ring of resist corrosion (left hand)
 x - an amulet of the acrobat
 y - a +6 ring of dexterity
 B - a ring of fire
 E - a ring of fire
Scrolls
 k - 2 scrolls of teleportation
 l - 2 scrolls of brand weapon {unknown}
 m - 2 scrolls of blinking {unknown}
 o - a scroll of enchant armour {unknown}
 p - a scroll of enchant weapon {unknown}
 r - 3 scrolls of identify {unknown}
 s - a scroll of poison {unknown}
 u - a scroll of immolation {unknown}
 v - a scroll of vulnerability {unknown}
 A - a scroll of fear {unknown}
Potions
 f - a potion of mutation {unknown}
 h - a potion of cancellation {unknown}
 n - 2 potions of resistance {unknown}
 q - a potion of flight {unknown}
 w - 2 potions of brilliance {unknown}
 z - 2 potions of curing {unknown}
 C - a potion of ambrosia {unknown}
 D - a potion of berserk rage {unknown}
 F - a potion of heal wounds {unknown}
 G - a potion of magic {unknown}


   Skills:
 + Level 4.3 Fighting
 - Level 4.1 Maces & Flails
 - Level 1.7 Throwing
 + Level 4.4 Dodging
 * Level 3.7 Unarmed Combat


You had 6 spell levels left.
You didn't know any spells.
Your spell library contained the following spells:

 Spells                   Type           Power      Damage    Failure   Level
 Sublimation of Blood     Necr           0%         N/A       54%         2
 Petrify                  Tmut/Erth      0%         N/A       99%         4
 Irradiate                Conj/Tmut      0%         3d13      100%        5


Dungeon Overview and Level Annotations

Branches:
Dungeon (5/15)             Temple (1/1) D:4

Altars:
Ashenzari
Cheibriados
Dithmenos
Elyvilon
Fedhas
Gozag
Hepliaklqana
Kikubaaqudgha
Makhleb
Nemelex Xobeh
Okawaru
Qazlal
Ru
Sif Muna
Trog
Uskayaw
Vehumet
Xom
Yredelemnul
Zin
The Shining One

Shops:
D:5 =

Annotations:
D:5 3 runed translucent doors, JosephDoom's ghost, novice GrEE


Innate Abilities, Weirdness & Mutations

You have a pair of small antennae on your head.
You have sharp fingernails.
You are partially covered in sharp spines.
Spells you cast may paralyse adjacent enemies.
You have a small tail.


Message History

There are monsters nearby!
There are monsters nearby!
A kobold demonologist comes into view.
It is wielding a +0 dagger of holy wrath.
The kobold demonologist shouts!
You hear a shout!
The kobold demonologist begins to cast a cantrip, but forgets the words!
A kobold comes into view. It is wielding a +0 dagger.
The kobold brigand throws a curare-tipped dart.
You start waiting.
You sense a monster nearby.
The kobold brigand is poisoned.
The kobold brigand is lightly wounded.
The kobold brigand hits you with a +0 dagger.
The kobold brigand looks as sick as possible!
The kobold brigand is lightly wounded.
The kobold brigand is moderately wounded.
The kobold attacks as you move away! The kobold hits you with a +0 dagger.
The kobold demonologist gestures wildly while chanting.
The kobold is moderately wounded.
The kobold is struck by your spines.
You kill the kobold!
Okawaru accepts your kill.
The kobold demonologist casts a spell.
You see here a +0 dagger.
The kobold demonologist is poisoned.
The kobold demonologist is lightly wounded.
The kobold demonologist is lightly wounded.
The kobold demonologist mumbles some strange words.
The kobold demonologist is struck by your spines.
The kobold demonologist hits you with a +0 dagger of holy wrath.
You convulse.
The kobold shouts!
The kobold demonologist is moderately wounded.
You hear a shout! x2
The ice devil hits you! The ice devil freezes you!!
* * * LOW HITPOINT WARNING * * *
The kobold brigand is struck by your spines.
The kobold brigand hits you with a +0 dagger!
* * * LOW HITPOINT WARNING * * *
The kobold demonologist hits you with a +0 dagger of holy wrath.
You die...

.......## #..#.#.#...
...#.# #...# ########K
#...<. #.... ....K..K.
###....#.#.###...K....
#...#..............
#...#......4## .
#..........4K#### .#
...#.#.....4@..+ ..#.
#.#.#'####K####
..#..#.......##+#
.##..........#
.#...........#
##..##+#.#+###
#..........###..
................
................


You could see a hellwing (summoned), an ice devil (summoned), a kobold
demonologist (very poisoned), a red devil (summoned) and a kobold brigand (very
poisoned).

Vanquished Creatures
  A centaur (D:5)
  A phantom (D:4)
  2 scorpions (D:4)
  2 orc priests (D:3)
  A hound (D:4)
  Ijyb (D:3)
  3 iguanas
  An orc wizard (D:4)
  5 adders
  A shadow imp (D:5)
  A worm (D:2)
  3 dart slugs
  12 orcs
  5 ball pythons
  6 endoplasms
  5 giant cockroaches
  7 goblins
  7 hobgoblins
  4 jackals (D:1)
  7 kobolds
  8 bats
  A frilled lizard (D:1)
  6 rats
90 creatures vanquished.

Vanquished Creatures (others)
  2 plants (D:3)
2 creatures vanquished.

Grand Total: 92 creatures vanquished

Notes
Turn   | Place    | Note
-------+----------+-------------------------------------------
     0 | D:1      | Infinimo the Demonspawn Gladiator began the quest for the
                  | Orb.
     0 | D:1      | Reached XP level 1. HP: 16/16 MP: 1/1
   104 | D:1      | Discovered your monstrous ancestry.
   104 | D:1      | Gained mutation: You have a small tail. [demonic ancestry]
   104 | D:1      | Reached XP level 2. HP: 17/22 MP: 2/2
   489 | D:1      | Gained mutation: You are partially covered in sharp spines.
                  | [demonic ancestry]
   489 | D:1      | Reached XP level 3. HP: 28/28 MP: 3/3
   764 | D:1      | Found a faded altar of an unknown god.
  1531 | D:2      | Found a shimmering blue altar of Sif Muna.
  1862 | D:3      | Reached XP level 4. HP: 31/34 MP: 4/4
  2106 | D:3      | Gained mutation: You have sharp fingernails. [demonic
                  | ancestry]
  2106 | D:3      | Reached XP level 5. HP: 41/41 MP: 5/5
  2416 | D:3      | Noticed Ijyb
  2426 | D:3      | Killed Ijyb
  2427 | D:3      | Reached skill level 1 in Unarmed Combat
  2872 | D:4      | Gained mutation: You have a pair of small antennae on your
                  | head. [demonic ancestry]
  2872 | D:4      | Reached XP level 6. HP: 47/47 MP: 6/6
  3611 | D:4      | Found a staircase to the Ecumenical Temple.
  3624 | Temple   | Entered the Ecumenical Temple
  3831 | Temple   | Became a worshipper of Warmaster Okawaru
  3909 | D:5      | Entered Level 5 of the Dungeon
  3909 | D:5      | Found Yqianeh's Jewellery Shoppe.
  3914 | D:5      | Gained mutation: Spells you cast may paralyse adjacent
                  | enemies. [demonic ancestry]
  3914 | D:5      | Reached XP level 7. HP: 49/54 MP: 7/7
  4155 | D:5      | Noticed JosephDoom's ghost (novice GrEE)
  4218 | D:5      | Found a runed translucent gate.
  4219 | D:5      | Found a runed translucent gate.
  4220 | D:5      | Found a runed translucent gate.
  4255 | D:5      | Noticed a kobold demonologist
  4265 | D:5      | Noticed an ice devil
  4266 | D:5      | Noticed a hellwing
  4269 | D:5      | Noticed a red devil
  4269 | D:5      | Slain by a kobold demonologist

Illustrated notes

Levels and vault maps discovered:
D:1:      dpeg_arrival_lava_temple_mockup, layout_loops_ring,
          shapermc_ecumenical_altar_hornbeckon, minmay_tree_intersection
D:2:      layout_loops_corners, basic_altar
D:3:      wad_lake_hut, layout_loops_ring, uniq_ijyb
D:4:      layout_rooms, temple_statues, minmay_increasing_density
D:5:      layout_basic, gammafunk_ghost_icy, serial_shops,
          nicolae_stop_n_shop_1, uniq_duvessa
Temple:   mainiacjoe_temple_archimedes_tessellation

Skill      XL: |  1  2  3  4  5  6 |
---------------+-------------------+-----
Maces & Flails | 3 4 |  4.1
Dodging        | 3 4 |  4.4
Fighting       | 3 4 |  4.3
Unarmed Combat | 2 3 |  3.7
Throwing       | |  1.7

Action                   |  1- 3 |  4- 6 |  7- 9 || total
-------------------------+-------+-------+-------++-------
Melee: Flail             |    87 |       |       ||    87
       Tailslap          |     8 |    13 |     1 ||    22
       Spear             |     4 |   118 |    19 ||   141
  Use: Scroll            |     2 |       |       ||     2
 Stab: Sleeping          |     3 |     3 |     1 ||     7
       Distracted        |       |     1 |       ||     1
Armor: Leather armour    |    39 |    24 |     3 ||    66
Dodge: Dodged            |    82 |    41 |    13 ||   136

Table legend: (Time is in decaauts)
 A = Elapsed time spent in this place.
 B = Non-inter-level travel time spent in this place.
 C = Inter-level travel time spent in this place.
 D = Time resting spent in this place.
 E = Time spent auto-exploring this place.
 F = Levels seen in this place.
 G = Mean time per level.
                   A        B        C        D        E       F      G
               +--------+--------+--------+--------+--------+-----+--------+
         Total |   4352 |   4057 |    295 |      0 |   3492 |   6 |  725.3 |
       Dungeon |   4115 |   3850 |    265 |      0 |   3320 |   5 |  823.0 |
        Temple |    237 |    207 |     30 |      0 |    172 |   1 |  237.0 |
               +--------+--------+--------+--------+--------+-----+--------+

Top non-repeatable levels by time:
     D:3: 1093 daAuts
     D:1: 962 daAuts
     D:2: 858 daAuts
     D:4: 839 daAuts
     D:5: 361 daAuts
  Temple: 237 daAuts
